 Dungeon Crawl Stone Soup version 0.27.1-1-g398f81649c (webtiles) character file.

Game seed: 17413392466203728919

99 Thatpatchoflichen the Chopper (level 4, -3/41 HPs)
             Began as a Hill Orc Monk on Sept 8, 2021.
             Was a Believer of Beogh.
             Slain by an iguana (6 damage)
             ... on level 4 of the Dungeon.
             The game lasted 00:08:41 (3570 turns).

Thatpatchoflichen the Chopper (Hill Orc Monk)       Turns: 3570, Time: 00:08:41

Health: -3/41      AC: 11    Str: 14    XL:     4   Next: 72%
Magic:  4/4        EV:  4    Int: 10    God:    Beogh [**....]
Gold:   142        SH:  5    Dex: 13    Spells: 3/3 levels left

rFire    . . .     SeeInvis .   a - +0 hand axe
rCold    . . .     Faith    .   (no shield)
rNeg     . . .     Spirit   .   o - +0 plate armour
rPois    .         Reflect  +   (no helmet)
rElec    .         Harm     .   (no cloak)
rCorr    .         Rampage  .   (no gloves)
Will     .....                  (no boots)
Stlth    ..........             m - amulet of reflection
HPRegen  0.13/turn              (no ring)
MPRegen  0.09/turn              (no ring)

@: no status effects
A: no striking features
a: Renounce Religion, Smiting


You were on level 4 of the Dungeon.
You worshipped Beogh.
Beogh was pleased with you.
You visited 1 branch of the dungeon, and saw 4 of its levels.

You collected 142 gold pieces.

Inventory:

Hand Weapons
 a - a +0 hand axe (weapon)
 n - a +2 dagger of venom
Missiles
 d - 16 poisoned darts (quivered)
 e - 53 bolts
 g - 56 stones
 q - 5 boomerangs
Armour
 o - a +0 plate armour (worn)
Jewellery
 m - an amulet of reflection (around neck)
Scrolls
 b - a scroll of amnesia {unknown}
 f - 2 scrolls of identify {unknown}
 l - a scroll of immolation {unknown}
 p - a scroll of brand weapon {unknown}
Potions
 c - a potion of heal wounds {unknown}
 h - a potion of might {unknown}
 i - 2 potions of attraction {unknown}
 j - a potion of invisibility {unknown}
 k - a potion of mutation {unknown}


   Skills:
 + Level 4.7 Fighting
 - Level 5.0 Axes
 * Level 2.6 Armour
 - Level 2.4 Dodging
 - Level 1.5 Stealth
 + Level 0.4 Invocations


You had 3 spell levels left.
You didn't know any spells.
Your spell library was empty.

Dungeon Overview and Level Annotations

Branches:
Dungeon (4/15)
 Temple: D:4-7

Altars:
Hepliaklqana
Trog
Vehumet

Annotations:
D:2 Sigmund


Message History

There is a stone staircase leading up here.
You hit the iguana but do no damage. You block the iguana's attack.
You hit the iguana.
The iguana is moderately wounded.
The iguana bites you but does no damage.
You hit the iguana.
The iguana is moderately wounded.
The iguana bites you.
You hit the iguana.
The iguana is moderately wounded.
You hit the kobold.
You kill the kobold!
Beogh accepts your kill. The iguana bites you!
You hit the iguana.
The iguana is heavily wounded.
The iguana barely misses you.
You hit the iguana but do no damage.
The iguana is heavily wounded.
The iguana bites you!
You hit the iguana but do no damage.
The iguana is heavily wounded.
The iguana bites you.
You closely miss the iguana.
The iguana is heavily wounded.
The iguana bites you but does no damage.
You closely miss the iguana.
The iguana is heavily wounded.
The iguana bites you.
Your plate armour prevents you from hitting the iguana.
The iguana is heavily wounded.
The iguana bites you!
* * * LOW HITPOINT WARNING * * *
You closely miss the iguana.
The iguana is heavily wounded.
The iguana bites you but does no damage.
You barely miss the iguana.
The iguana is heavily wounded.
The iguana bites you.
You die...

##### ##...##
##.....##
##.......##
##....⌠.⌠..##
............#
....⌠.)l..⌠.#
.......@.(..#
..##.......##
##.....##
#######


You could see an iguana.

Vanquished Creatures
  4 adders
  A worm (D:2)
  4 dart slugs
  3 orcs (D:3)
  2 endoplasms (D:1)
  4 hobgoblins
  2 jackals (D:1)
  2 kobolds
  6 ball pythons
  8 bats
  7 goblins
  5 rats
48 creatures vanquished.

Notes
Turn   | Place    | Note
-------+----------+-------------------------------------------
     0 | D:1      | Thatpatchoflichen the Hill Orc Monk began the quest for the
                  | Orb.
     0 | D:1      | Reached XP level 1. HP: 19/19 MP: 1/1
   548 | D:1      | Reached XP level 2. HP: 27/27 MP: 2/2
   728 | D:1      | Reached skill level 1 in Armour
  1205 | D:2      | Found a faded altar of an unknown god.
  1253 | D:2      | Reached XP level 3. HP: 9/33 MP: 3/3
  1268 | D:2      | Noticed Sigmund
  2222 | D:2      | Found a radiant altar of Vehumet.
  2384 | D:2      | Reached XP level 4. HP: 41/41 MP: 4/4
  2627 | D:3      | Reached skill level 5 in Axes
  2708 | D:3      | Found a hazy altar of Hepliaklqana.
  2755 | D:3      | Became a worshipper of Beogh the Brigand
  2755 | D:3      | Reached * piety under Beogh
  2755 | D:3      | Reached ** piety under Beogh
  2799 | D:3      | Found a bloodstained altar of Trog.
  3537 | D:4      | Noticed an ogre
  3570 | D:4      | Slain by an iguana

Illustrated notes

Levels and vault maps discovered:
D:1:      giann_forest_graveyard, layout_loops_ring,
          hangedman_abyss_or_decor_stabs
D:2:      layout_basic, basic_altar, hellmonk_ecumenical_altar_run_dry,
          solitary_fountain, roderic_nine_men_s_morris,
          minmay_misc_feat_encased, uniq_sigmund
D:3:      layout_basic, mainiacjoe_overflow_alcove_4,
          mainiacjoe_overflow_brackets
D:4:      layout_cave_pools, grunt_decor_cap, grunt_ministairs_9,
          minmay_pentomino_pile

Skill      XL: |  1  2  3  4 |
---------------+-------------+-----
Armour         | 1 2 |  2.6
Fighting       | 4 |  4.7
Axes           | 5 |  5.0
Dodging        | |  2.4
Stealth        | |  1.5
Invocations    | |  0.4

Action                   |  1- 3 |  4- 6 || total
-------------------------+-------+-------++-------
Melee: Hand axe          |   112 |   105 ||   217
Invok: Convert to Beogh  |       |     1 ||     1
 Stab: Sleeping          |     2 |       ||     2
Armor: Robe              |     3 |       ||     3
       Scale mail        |    34 |    15 ||    49
       Plate armour      |       |    65 ||    65
Dodge: Dodged            |    65 |    29 ||    94
Block: Other             |       |    18 ||    18
